 Dungeon Sprint DCSS version 0.24.0-125-gc4c63601f3 (webtiles) character file.

Game seed: 10422105594141453567, levelgen mode: deterministic

18006 Freyura the Wrestler (level 12, -33/113 HPs)
             Began as a Black Draconian Berserker on Feb 22, 2020.
             Was a High Priest of Trog.
             Killed from afar by a fire dragon (44 damage)
             ... with a blast of flame
             ... in the Dungeon (Sprint IX: "|||||||||||||||||||||||||||||").
             The game lasted 00:17:38 (1822 turns).

Freyura the Wrestler (Black Draconian Berserker)    Turns: 1822, Time: 00:17:39

Health: -33/113    AC: 16    Str: 21    XL:     12   Next: 23%
Magic:  14/14      EV: 16    Int:  8    God:    Trog [*****.]
Gold:   1569       SH: 16    Dex: 15    Spells: 11/11 levels left

rFire    . . .     SeeInvis .     - Unarmed
rCold    . . .     Gourm    .   D - +1 large shield
rNeg     . . .     Faith    .   (armour unavailable)
rPois    .         Spirit   .   h - +2 hat
rElec    +         Reflect  .   C - +1 cloak
rCorr    +         Harm     .   m - +0 pair of gloves
MR       +....     NoTele   +   y - +2 pair of boots of Amorality {rCorr}
Stlth    +.........             (no amulet)
HPRegen  0.28/turn              B - ring of protection from magic
MPRegen  0.14/turn              o - +3 ring of dexterity

@: berserk cooldown, slowed, very slow
A: breathe lightning, unfitting armour, clumsy 1, electricity resistance,
cold-blooded, AC +8
a: Breathe Lightning, Berserk, Trog's Hand, Brothers in Arms, Renounce Religion


You were in the Dungeon.
You worshipped Trog.
Trog was extremely pleased with you.
You were very hungry.

You visited 1 branch You collected 1921 gold pieces.
You spent 352 gold pieces at shops.

Inventory:

Armour
 h - a +2 hat (worn)
 m - a +0 pair of gloves (worn)
 y - the +2 pair of boots of Amorality (worn) {rCorr}
   (You bought it in a shop in the Dungeon)

   It provides partial protection from all sources of acid and corrosion.
 C - a +1 cloak (worn)
 D - a +1 large shield (worn)
Jewellery
 n - a +2 ring of protection
 o - a +3 ring of dexterity (right hand)
 p - an uncursed ring of fire
 z - an uncursed ring of ice
 A - an uncursed ring of protection from fire
 B - a ring of protection from magic (left hand)
Wands
 k - a wand of iceblast (10)
Scrolls
 g - 4 scrolls of blinking
 j - 3 scrolls of remove curse
 t - 6 scrolls of enchant weapon
 u - a scroll of identify
 v - 2 scrolls of fog
 E - 2 scrolls of enchant armour
Potions
 b - 8 potions of curing
 c - 5 potions of heal wounds
 d - a potion of haste
 e - 4 potions of magic
 f - 2 potions of berserk rage
 i - a potion of invisibility
 q - a potion of agility
 r - a potion of might
 s - 3 potions of brilliance
 w - 2 potions of flight
Comestibles
 a - 11 rations
 l - a chunk of flesh


   Skills:
 + Level 12.5 Fighting
 + Level 11.8 Dodging
 * Level 5.1 Shields
 + Level 23.5 Unarmed Combat
 + Level 3.4 Evocations


You had 11 spell levels left.
You didn't know any spells.
Your spell library was empty.

Dungeon Overview and Level Annotations

Branches:
Dungeon (1/1)

Altars:
Cheibriados
Dithmenos
Elyvilon
Fedhas
Gozag
Hepliaklqana
Kikubaaqudgha
Makhleb
Nemelex Xobeh
Okawaru
Qazlal
Ru
Sif Muna
Trog
Uskayaw
Vehumet
Wu Jian
Xom
Yredelemnul
Zin
The Shining One
Beogh
Jiyva
Lugonu

Shops:
D !%*!


Innate Abilities, Weirdness & Mutations

You can breathe wild blasts of lightning.
Your glossy black scales are hard. (AC +8)
You cannot fit into any form of body armour.
You are resistant to electric shocks. (rElec)
You are cold-blooded and may be slowed by cold attacks.
You are clumsy. (Dex -2)


Message History

You feel better. The fire dragon completely misses you.
The fire dragon claws you.
* * * LOW HITPOINT WARNING * * *
The fire dragon tramples you but does no damage.
The fire dragon barely misses you.
The fire dragon claws you but does no damage.
The fire dragon barely misses you.
Eat one of 2 chunks of flesh? (ye/n/q)
You eat one of the 2 chunks of flesh.
This raw flesh tastes terrible.
You are feeling hungry.
You block the fire dragon's attack. The fire dragon claws you.
* * * LOW HITPOINT WARNING * * *
The fire dragon tramples you.
* * * LOW HITPOINT WARNING * * *
You stumble backwards!
Your cyclops goes berserk!
You are feeling very hungry.
The fire dragon breathes flames at you. The blast of flame hits you!!!
You die...

..÷)†÷......')÷.......).)'...[[[.
▓▓▓▓▓▓▓▓▓▓▓▓▓▓▓▓▓▓▓▓▓▓▓▓▓▓▓▓▓▓▓▓▓
................).)..............
▓▓▓▓▓▓▓▓▓▓▓▓▓▓▓▓▓▓▓▓▓▓▓▓▓▓▓▓▓▓▓▓▓
)))).)).)))))...)∩.∩)∩.∩.....'...
▓▓▓▓▓▓▓▓▓▓▓▓▓▓▓▓▓▓▓▓▓▓▓▓▓▓▓▓▓▓▓▓▓
...†.............................
▓▓▓▓▓▓▓▓▓▓▓▓▓▓▓▓▓▓▓▓▓▓▓▓▓▓▓▓▓▓▓▓▓
[.[.......[.)'C.@Du.TCuZ.
▓▓▓▓▓▓▓▓▓▓▓▓▓▓▓▓▓▓▓▓▓▓▓▓▓


You could see a frost giant, a fire dragon, 2 ugly things, a deep troll shaman,
a bat zombie and a friendly cyclops (berserk).

Vanquished Creatures
  Gastronok (D)
  A very ugly thing (D)
  An ettin (D)
  Sonja (D)
  An orc high priest (D)
  A fire crab (D)
  2 unseen horrors (D)
  4 orc knights (D)
  Joseph (D)
  Psyche (D)
  A gargoyle (D)
  3 spiny frogs (D)
  A komodo dragon (shapeshifter) (D)
  A slime creature (D)
  2 hippogriffs (D)
  3 blink frogs (D)
  A yak (D)
  A wyvern (D)
  A basilisk (D)
  2 vampire mosquitoes (D)
  A hungry ghost (D)
  6 porcupines (D)
  5 orc warriors (D)
  2 ice beasts (D)
  A wolf (D)
  A sky beast (D)
  4 crocodiles (D)
  4 bullfrogs (D)
  A scorpion (D)
  A crimson imp (D)
  A hound (D)
  4 orc priests (D)
  A jelly (D)
  2 iguanas (D)
  4 orc wizards (D)
  2 worker ants (D)
  An ooze (D)
  An adder skeleton (D)
  5 orcs (D)
  2 bat zombies (D)
  A goblin (D)
  2 bats (D)
  A frilled lizard (D)
  A quokka zombie (D)
84 creatures vanquished.

Vanquished Creatures (collateral kills)
  Josephine (D)
  7 orc high priests (D)
  4 orc knights (D)
  4 wraiths (D)
  2 orc warriors (D)
  An orc priest (D)
  An orc (D)
20 creatures vanquished.

Grand Total: 104 creatures vanquished

Notes
Turn   | Place    | Note
-------+----------+-------------------------------------------
     0 | D        | Freyura the Draconian Berserker began the quest for the
                  | Orb.
     0 | D        | Reached XP level 1. HP: 19/19 MP: 1/1
    10 | D        | Reached ** piety under Trog
    19 | D        | Reached XP level 2. HP: 27/27 MP: 2/2
    70 | D        | Noticed a scorpion
    76 | D        | Killed a scorpion
    76 | D        | Reached skill level 5 in Fighting
    76 | D        | Reached skill level 5 in Unarmed Combat
    76 | D        | Reached XP level 3. HP: 37/37 MP: 3/3
    77 | D        | Reached *** piety under Trog
    81 | D        | Reached skill level 5 in Dodging
    81 | D        | Reached XP level 4. HP: 44/44 MP: 4/4
    82 | D        | Reached skill level 6 in Unarmed Combat
    86 | D        | Reached XP level 5. HP: 51/51 MP: 5/5
    91 | D        | Found a roughly hewn altar of Beogh.
    91 | D        | Found a snail-covered altar of Cheibriados.
    91 | D        | Found a shadowy altar of Dithmenos.
    91 | D        | Found a white marble altar of Elyvilon.
    91 | D        | Found a blossoming altar of Fedhas.
    91 | D        | Found an opulent altar of Gozag.
    92 | D        | Found a hazy altar of Hepliaklqana.
    93 | D        | Found a viscous altar of Jiyva.
    94 | D        | Found an ancient bone altar of Kikubaaqudgha.
    95 | D        | Found a corrupted altar of Lugonu.
    96 | D        | Found a burning altar of Makhleb.
    97 | D        | Found a sparkling altar of Nemelex Xobeh.
    98 | D        | Found an iron altar of Okawaru.
    99 | D        | Found a stormy altar of Qazlal.
   100 | D        | Found a sacrificial altar of Ru.
   101 | D        | Found a shimmering blue altar of Sif Muna.
   102 | D        | Found a bloodstained altar of Trog.
   103 | D        | Found a hide-covered altar of Uskayaw.
   104 | D        | Found a radiant altar of Vehumet.
   105 | D        | Found an ornate altar of the Wu Jian Council.
   106 | D        | Found a shimmering altar of Xom.
   107 | D        | Found a basalt altar of Yredelemnul.
   108 | D        | Found a glowing silver altar of Zin.
   109 | D        | Found a glowing golden altar of the Shining One.
   147 | D        | Noticed a hippogriff
   147 | D        | Noticed a gargoyle
   147 | D        | Noticed a sky beast
   152 | D        | Reached skill level 7 in Unarmed Combat
   160 | D        | Killed a hippogriff
   160 | D        | Reached **** piety under Trog
   160 | D        | Reached skill level 9 in Unarmed Combat
   160 | D        | Reached XP level 6. HP: 62/62 MP: 6/6
   164 | D        | Killed a gargoyle
   164 | D        | Reached skill level 11 in Unarmed Combat
   164 | D        | Your scales start taking on a glossy black colour.
   164 | D        | Reached XP level 7. HP: 70/70 MP: 7/7
   164 | D        | Gained mutation: You are resistant to electric shocks.
                  | (rElec) [Black Draconian growth]
   167 | D        | Reached skill level 12 in Unarmed Combat
   171 | D        | Reached ***** piety under Trog
   214 | D        | Noticed a komodo dragon
   214 | D        | Noticed a hungry ghost
   221 | D        | Killed a komodo dragon
   221 | D        | Reached XP level 8. HP: 31/79 MP: 8/8
   223 | D        | Killed an unseen horror
   223 | D        | Reached skill level 10 in Fighting
   223 | D        | Reached skill level 14 in Unarmed Combat
   229 | D        | Received a gift from Trog
   239 | D        | Got a brightly glowing shortbow {god gift}
   380 | D        | Noticed a hippogriff
   387 | D        | Reached XP level 9. HP: 86/86 MP: 9/9
   388 | D        | Noticed a spiny frog
   391 | D        | Reached skill level 15 in Unarmed Combat
   401 | D        | Received a gift from Trog
   407 | D        | Killed a spiny frog
   407 | D        | Reached skill level 16 in Unarmed Combat
   530 | D        | Noticed a spiny frog
   536 | D        | Noticed a fire crab
   543 | D        | Received a gift from Trog
   545 | D        | Killed a spiny frog
   545 | D        | Reached skill level 10 in Dodging
   548 | D        | Reached skill level 17 in Unarmed Combat
   550 | D        | Killed a fire crab
   550 | D        | Reached XP level 10. HP: 96/96 MP: 10/10
   652 | D        | Noticed a spiny frog
   661 | D        | Killed a spiny frog
   661 | D        | Reached skill level 18 in Unarmed Combat
   669 | D        | Reached ****** piety under Trog
   679 | D        | Received a gift from Trog
   764 | D        | Noticed Josephine
   770 | D        | Killed Josephine
   770 | D        | Reached skill level 19 in Unarmed Combat
   772 | D        | Received a gift from Trog
   799 | D        | Noticed Sonja
   807 | D        | Killed Sonja
   809 | D        | Noticed Psyche
   816 | D        | Killed Psyche
   850 | D        | Reached skill level 20 in Unarmed Combat
   856 | D        | Received a gift from Trog
   857 | D        | Received a gift from Trog
   877 | D        | Received a gift from Trog
   926 | D        | Noticed an orc knight
   926 | D        | Noticed an orc knight
   934 | D        | Killed an orc knight
   934 | D        | Reached XP level 11. HP: 94/104 MP: 11/11
   943 | D        | Killed an orc knight
   944 | D        | Noticed an orc high priest
   946 | D        | Noticed a sixfirhy
   946 | D        | Noticed a soul eater
   948 | D        | Received a gift from Trog
   960 | D        | Killed an orc high priest
   960 | D        | Received a gift from Trog
   964 | D        | Reached skill level 21 in Unarmed Combat
   982 | D        | Found Fevuc's Distillery.
   982 | D        | Noticed an orc high priest
   982 | D        | Noticed an orc high priest
   982 | D        | Noticed an orc knight
   982 | D        | Noticed an orc high priest
   982 | D        | Noticed an orc knight
   990 | D        | Gained mutation: You are clumsy. (Dex -2) [a neqoxec]
   996 | D        | Killed an orc high priest
   998 | D        | Killed an orc high priest
   998 | D        | Received a gift from Trog
  1002 | D        | Killed an orc knight
  1003 | D        | Noticed a soul eater
  1003 | D        | Noticed an orc high priest
  1004 | D        | Killed an orc high priest
  1006 | D        | Noticed an orc knight
  1011 | D        | Killed an orc knight
  1013 | D        | Killed an orc high priest
  1017 | D        | Killed an orc knight
  1018 | D        | Noticed an orc knight
  1021 | D        | Found Velugh's Food Shoppe.
  1030 | D        | Killed an orc knight
  1030 | D        | Reached skill level 22 in Unarmed Combat
  1249 | D        | Found Lilyhug's General Store.
  1253 | D        | Found Vosa's Distillery.
  1254 | D        | Noticed an orc knight
  1255 | D        | Noticed an orc high priest
  1256 | D        | Noticed an orc high priest
  1257 | D        | Noticed a sixfirhy
  1265 | D        | Killed an orc knight
  1266 | D        | Noticed an orc high priest
  1268 | D        | Noticed a sixfirhy
  1276 | D        | Killed an orc high priest
  1278 | D        | Noticed a sixfirhy
  1284 | D        | Noticed an orc knight
  1293 | D        | Killed an orc high priest
  1294 | D        | Killed an orc high priest
  1294 | D        | Received a gift from Trog
  1296 | D        | Killed an orc knight
  1508 | D        | Bought the +2 pair of boots of Amorality {rCorr} for 352
                  | gold pieces
  1630 | D        | Noticed Gastronok
  1646 | D        | Killed Gastronok
  1646 | D        | Reached skill level 23 in Unarmed Combat
  1668 | D        | Noticed Joseph
  1676 | D        | Killed Joseph
  1782 | D        | Killed an unseen horror
  1782 | D        | Reached skill level 1 in Shields
  1782 | D        | Reached skill level 1 in Evocations
  1782 | D        | Reached XP level 12. HP: 112/112 MP: 12/12
  1798 | D        | Received a gift from Trog
  1801 | D        | Noticed an ettin
  1802 | D        | Noticed a fire dragon
  1804 | D        | Noticed a green very ugly thing
  1809 | D        | Noticed a deep troll shaman
  1810 | D        | Killed an ettin
  1812 | D        | Noticed a frost giant
  1818 | D        | Killed a green very ugly thing
  1818 | D        | Reached skill level 5 in Shields
  1822 | D        | Killed from afar by a fire dragon

Levels and vault maps discovered:
D:        linesprint [early_d, line_temple, items_1, d_10, items_2, lair_1,
          lair_end, items_3, orc_1, orc_end, items_4, d_15, swamp_1, shoals_1,
          snake_1, spider_1, d_20, vaults_1, items_5, swamp_end, shoals_end,
          snake_end, spider_end, vaults_end, d_27, items_6, zot_1, zot_end,
          crypt_end, forest_end, elf_end, slime_end, tomb_end, abyss_end,
          pan_hell_end]

Skill      XL: |  1  2  3  4  5  6  7  8  9 10 11 12 |
---------------+-------------------------------------+-----
Fighting       | 4 5 6 8 9 10 11 12 | 12.5
Dodging        | 3 4 5 6 7 8 9 10 11 | 11.8
Unarmed Combat | 5 6 9 11 12 14 17 20 23 | 23.5
Shields        | 1 5 |  5.1
Evocations     | 1 3 |  3.4

Action                   |  1- 3 |  4- 6 |  7- 9 | 10-12 || total
-------------------------+-------+-------+-------+-------++-------
Melee: Unarmed           |    20 |    18 |    60 |   168 ||   266
       Tailslap          |     1 |     5 |    16 |    29 ||    51
       Punch             |       |       |     4 |     8 ||    12
Invok: Berserk           |     2 |     1 |     3 |     5 ||    11
       Trog's Hand       |     1 |     1 |     2 |     6 ||    10
       Brothers in Arms  |       |       |       |     6 ||     6
 Abil: Breathe Lightning |       |       |       |     1 ||     1
  Use: Potion            |       |       |       |     2 ||     2
  Eat: Chunk             |       |       |     5 |    14 ||    19
Armor: Skin              |     6 |     5 |     8 |    24 ||    43
Dodge: Dodged            |     6 |     8 |    28 |    68 ||   110
Block: Large shield      |       |       |       |    11 ||    11
